 Dungeon Sprint DCSS version 0.28-a0-8-g6e044cfa68 (webtiles) character file.

Game seed: 15698071573492421988

21539 mhtbhm the Peltast (level 12, -13/124 HPs)
             Began as a Minotaur Fighter on July 23, 2021.
             Was the Champion of Qazlal.
             Mangled by a nagaraja (20 damage)
             ... in the Dungeon (Sprint VII: "The Pits").
             The game lasted 00:05:26 (2305 turns).

mhtbhm the Peltast (Minotaur Fighter)               Turns: 2305, Time: 00:05:27

Health: -13/124    AC: 28    Str: 29    XL:     12   Next: 55%
Magic:  10/16      EV: 10    Int:  5    God:    Qazlal [******]
Gold:   34         SH: 24    Dex: 10    Spells: 11/11 levels left

rFire   . . .      SeeInvis .   a - +2 war axe (elec)
rCold   . . .      Faith    .   c - +0 kite shield
rNeg    . . .      Spirit   .   b - +3 plate armour
rPois   +          Reflect  .   (helmet restricted)
rElec   .          Harm     .   r - +0 cloak
rCorr   .          Rampage  .   q - +0 pair of gloves
Will    .....      NoTele   +   z - +0 pair of boots
Stlth   ..........              (no amulet)
HPRegen 0.30/turn               n - +3 ring of strength
MPRegen 0.15/turn               B - ring of poison resistance

@: protected from physical damage, repel missiles
A: horns 2, retaliatory headbutt
a: Renounce Religion, Upheaval, Elemental Force, Disaster Area


You were in the Dungeon.
You worshipped Qazlal.
Qazlal was exalted by your worship.
You visited 1 branch You collected 34 gold pieces.

Inventory:

Hand Weapons
 a - a +2 war axe of electrocution (weapon)
Armour
 b - a +3 plate armour (worn)
 c - a +0 kite shield (worn)
 q - a +0 pair of gloves (worn)
 r - a +0 cloak (worn)
 z - a +0 pair of boots (worn)
Jewellery
 n - a +3 ring of strength (left hand)
 o - a +3 ring of protection
 B - a ring of poison resistance (right hand)
Scrolls
 j - 4 scrolls of blinking
 l - 5 scrolls of amnesia
 m - a scroll of summoning
 t - a scroll of fog
 u - a scroll of fear
 v - 4 scrolls of enchant armour
 w - 2 scrolls of enchant weapon
 x - a scroll of magic mapping
 A - 2 scrolls of identify
Potions
 d - 2 potions of might
 e - 7 potions of curing
 f - 13 potions of heal wounds
 g - 2 potions of haste
 h - 4 potions of magic
 i - 6 potions of berserk rage
 k - 2 potions of invisibility
 p - 2 potions of resistance
 s - 3 potions of mutation


   Skills:
 + Level 16.8 Fighting
 + Level 18.5 Axes
 + Level 16.2 Armour
 + Level 5.6 Dodging
 + Level 1.4 Stealth
 + Level 20.6 Shields
 * Level 7.0 Invocations


You had 11 spell levels left.
You didn't know any spells.
Your spell library contained the following spells:

 Spells                   Type           Power      Damage    Failure   Level
 Fireball                 Conj/Fire      0%         3d3       100%        5
 Starburst                Conj/Fire      0%         8x6d3     100%        6
 Ignition                 Fire           0%         3d3       100%        8


Dungeon Overview and Level Annotations

Branches:
Dungeon (1/1)

Altars:
Ashenzari
Cheibriados
Dithmenos
Elyvilon
Fedhas
Gozag
Hepliaklqana
Kikubaaqudgha
Makhleb
Nemelex Xobeh
Okawaru
Qazlal
Ru
Sif Muna
Trog
Uskayaw
Vehumet
Wu Jian
Xom
Yredelemnul
Zin
The Shining One
Beogh
Jiyva
Lugonu


Innate Abilities, Weirdness & Mutations

You have a pair of horns on your head.
You reflexively headbutt those who attack you in melee.


Message History

Donald is almost dead.
You barely miss the swamp dragon. The vault guard blocks your attack.
The nagaraja closely misses you.
Donald hits you with a +1 scimitar of venom!
* * * LOW HITPOINT WARNING * * *
You feel more protected from physical attacks.
The swamp dragon barely misses you. You furiously retaliate!
You headbutt the swamp dragon, but do no damage.
The swamp dragon claws you but does no damage.
You block the swamp dragon's attack.
The vault guard hits you but does no damage.
Unknown command.
You feel much better. You block the nagaraja's attack.
You block Donald's attack.
The nagaraja hits you from afar with a +0 halberd.
The vault guard barely misses you. You block the swamp dragon's attack.
The swamp dragon claws you.
The swamp dragon tramples you but does no damage.
Donald hits you with a +1 scimitar of venom!
You slice Donald!! Lightning courses through Donald!
You kill Donald!
Qazlal accepts your kill.
You slice the swamp dragon!!
Lightning courses through the swamp dragon!
The vault guard blocks your attack. You block the nagaraja's attack.
Your Invocations skill increases to level 7!
Unknown command.
You hit the swamp dragon.
Lightning courses through the swamp dragon!
You kill the swamp dragon!
Qazlal accepts your kill.
You slash the vault guard!
Lightning courses through the vault guard!
You kill the vault guard!
Qazlal accepts your kill. The hell hog breathes fire at you.
The fireball explodes!
The fireball engulfs you!!
* * * LOW HITPOINT WARNING * * *
The nagaraja hits you from afar with a +0 halberd!!
You die...

#..#....#..#
+..........#
+..........#
#..#....#..#
#..........+
#..........+
###§'####''#
###''####''#########
#.†@°..##....))))...
#.#)##.##......)....
#.#hN .##..#########
# '=}# ##..# #):+
#..# #++##########
+..# #..#
........##..# ##+#
#..# .#......##..#
#..# ........''..#
#..#


You could see a nagaraja (fast) and a hell hog (catching breath).

Vanquished Creatures
  Donald (D)
  A boulder beetle (D)
  A vault guard (D)
  An ogre mage (D)
  A catoblepas (D)
  Erica (D)
  3 two-headed ogres (D)
  2 hell hogs (D)
  A shadow wraith (D)
  3 deep trolls (D)
  2 swamp dragons (D)
  A flayed ghost (D)
  A spriggan druid (D)
  A phantasmal warrior (D)
  3 lindwurms (D)
  A bog body (D)
  2 orc knights (D)
  4 deep elf pyromancers (D)
  A deep elf zephyrmancer (D)
  A cyclops (D)
  A black mamba (D)
  A rime drake (D)
  A freezing wraith (D)
  A red devil (D)
  A jumping spider (D)
  A hornet (D)
  A flying skull (D)
  A wyvern (D)
  3 yaks (D)
  2 wraiths (D)
  A fire bat (D)
  5 basilisks (D)
  A chaos spawn (D)
  2 wargs (D)
  2 floating eyes (D)
  An ice beast (D)
  5 orc warriors (D)
  A black bear (D)
  A sky beast (D)
  3 ogres (D)
  2 centaurs (D)
  A bullfrog (D)
  A gnoll sergeant (D)
  4 killer bees (D)
  4 wights (D)
  A crimson imp (D)
  2 hounds (D)
  An orc priest (D)
  Ijyb (D)
  An iguana (D)
  An orc wizard (D)
  4 gnolls (D)
  A river rat (D)
  An adder (D)
  An ufetubus (D)
  7 orcs (D)
  A bat skeleton (D)
  3 endoplasms (D)
  2 hobgoblins (D)
  4 jackals (D)
  A quokka (D)
  A ball python (D)
  A ball python zombie (D)
  A jackal skeleton (D)
  A quokka zombie (D)
  A rat (D)
116 creatures vanquished.

Notes
Turn   | Place    | Note
-------+----------+-------------------------------------------
     0 | D        | mhtbhm the Minotaur Fighter began the quest for the Orb.
     0 | D        | Reached XP level 1. HP: 19/19 MP: 0/0
    11 | D        | Noticed a floating eye
    13 | D        | Paralysed by a floating eye for 2 turns
    16 | D        | Killed a floating eye
    17 | D        | Reached skill level 6 in Shields
    17 | D        | Reached XP level 2. HP: 31/31 MP: 1/1
    17 | D        | Reached XP level 3. HP: 38/38 MP: 2/2
    17 | D        | Reached XP level 4. HP: 45/45 MP: 3/3
    21 | D        | Found a bloodstained altar of Trog.
    21 | D        | Found a shimmering blue altar of Sif Muna.
    21 | D        | Found a viscous altar of Jiyva.
    21 | D        | Found a hazy altar of Hepliaklqana.
    21 | D        | Found an opulent altar of Gozag.
    22 | D        | Found a glowing golden altar of the Shining One.
    22 | D        | Found a glowing silver altar of Zin.
    22 | D        | Found a basalt altar of Yredelemnul.
    22 | D        | Found a shimmering altar of Xom.
    22 | D        | Found an ornate altar of the Wu Jian Council.
    22 | D        | Found a sacrificial altar of Ru.
    22 | D        | Found a stormy altar of Qazlal.
    22 | D        | Found an iron altar of Okawaru.
    22 | D        | Found a sparkling altar of Nemelex Xobeh.
    22 | D        | Found a burning altar of Makhleb.
    22 | D        | Found a blossoming altar of Fedhas.
    22 | D        | Found a white marble altar of Elyvilon.
    22 | D        | Found a shadowy altar of Dithmenos.
    22 | D        | Found a snail-covered altar of Cheibriados.
    24 | D        | Found a radiant altar of Vehumet.
    24 | D        | Found a corrupted altar of Lugonu.
    25 | D        | Found a hide-covered altar of Uskayaw.
    25 | D        | Found an ancient bone altar of Kikubaaqudgha.
    25 | D        | Found a broken altar of Ashenzari.
    29 | D        | Became a worshipper of Qazlal Stormbringer
    76 | D        | Reached * piety under Qazlal
    81 | D        | Noticed a floating eye
    82 | D        | Paralysed by a floating eye for 2 turns
    86 | D        | Killed a floating eye
    87 | D        | Reached skill level 5 in Axes
    87 | D        | Reached skill level 8 in Shields
    87 | D        | Reached XP level 5. HP: 53/53 MP: 4/4
    94 | D        | Noticed an ice beast
    95 | D        | Reached ** piety under Qazlal
   103 | D        | Killed an ice beast
   104 | D        | Reached skill level 9 in Shields
   104 | D        | Reached XP level 6. HP: 63/63 MP: 5/5
   174 | D        | Reached *** piety under Qazlal
   179 | D        | Reached **** piety under Qazlal
   180 | D        | Reached skill level 1 in Dodging
   180 | D        | Reached skill level 10 in Shields
   200 | D        | Noticed a red devil
   207 | D        | Killed a red devil
   208 | D        | Reached skill level 10 in Fighting
   208 | D        | Reached skill level 10 in Armour
   208 | D        | Reached XP level 7. HP: 21/72 MP: 6/6
   540 | D        | Noticed a fire bat
   547 | D        | Reached skill level 11 in Shields
   547 | D        | Reached ***** piety under Qazlal
   560 | D        | Killed a fire bat
   561 | D        | Reached skill level 10 in Axes
   579 | D        | Noticed a lindwurm
   579 | D        | Noticed a flayed ghost
   590 | D        | Killed a flayed ghost
   591 | D        | Reached skill level 12 in Shields
   591 | D        | Reached XP level 8. HP: 75/82 MP: 7/7
   595 | D        | Killed a lindwurm
   753 | D        | Noticed a freezing wraith
   754 | D        | Noticed a boulder beetle
   767 | D        | Killed a freezing wraith
   768 | D        | Reached skill level 1 in Stealth
   768 | D        | Reached skill level 13 in Shields
   768 | D        | Reached XP level 9. HP: 66/90 MP: 8/8
   779 | D        | Killed a boulder beetle
  1006 | D        | Reached ****** piety under Qazlal
  1008 | D        | Reached skill level 14 in Shields
  1099 | D        | Noticed a cyclops
  1099 | D        | Noticed a lindwurm
  1106 | D        | Killed a cyclops
  1107 | D        | Reached skill level 15 in Axes
  1107 | D        | Reached skill level 5 in Dodging
  1107 | D        | Reached XP level 10. HP: 80/100 MP: 9/9
  1109 | D        | Killed a lindwurm
  1110 | D        | Reached skill level 15 in Shields
  1187 | D        | Noticed a deep troll
  1193 | D        | Killed a deep troll
  1197 | D        | Paralysed by a hornet for 1 turns
  1199 | D        | Noticed a bog body
  1207 | D        | Killed a bog body
  1407 | D        | Noticed an ogre mage
  1409 | D        | Noticed a deep troll
  1423 | D        | Killed a deep troll
  1424 | D        | Reached skill level 16 in Shields
  1425 | D        | Killed an ogre mage
  1428 | D        | Noticed a two-headed ogre
  1432 | D        | Killed a two-headed ogre
  1433 | D        | Reached skill level 17 in Shields
  1433 | D        | Reached XP level 11. HP: 86/110 MP: 10/10
  1433 | D        | Noticed a two-headed ogre
  1439 | D        | Killed a two-headed ogre
  1446 | D        | Noticed Ijyb
  1452 | D        | Killed Ijyb
  1458 | D        | Noticed a two-headed ogre
  1459 | D        | Noticed a deep elf pyromancer
  1473 | D        | Noticed Erica
  1474 | D        | Killed a two-headed ogre
  1485 | D        | Killed a deep elf pyromancer
  1487 | D        | Reached skill level 18 in Shields
  1494 | D        | Killed Erica
  1695 | D        | Noticed a deep elf pyromancer
  1701 | D        | Noticed a phantasmal warrior
  1703 | D        | Noticed a swamp dragon
  1706 | D        | Noticed a deep elf zephyrmancer
  1709 | D        | Reached skill level 15 in Fighting
  1710 | D        | Noticed a deep elf pyromancer
  1716 | D        | Killed a phantasmal warrior
  1720 | D        | Killed a swamp dragon
  1722 | D        | Killed a shadow wraith
  1723 | D        | Reached skill level 1 in Invocations
  1723 | D        | Killed a deep elf zephyrmancer
  1724 | D        | Reached skill level 19 in Shields
  1725 | D        | Killed a deep elf pyromancer
  1727 | D        | Killed a deep elf pyromancer
  1728 | D        | Reached skill level 15 in Armour
  1945 | D        | Noticed an orc knight
  1946 | D        | Noticed a lindwurm
  1955 | D        | Killed an orc knight
  1960 | D        | Killed a lindwurm
  1961 | D        | Reached XP level 12. HP: 103/122 MP: 12/14
  2044 | D        | Reached skill level 5 in Invocations
  2214 | D        | Noticed a catoblepas
  2223 | D        | Killed a catoblepas
  2224 | D        | Reached skill level 20 in Shields
  2285 | D        | Noticed a hell hog
  2285 | D        | Noticed a hell hog
  2285 | D        | Noticed a hell hog
  2285 | D        | Noticed Donald
  2285 | D        | Noticed a nagaraja
  2285 | D        | Noticed a vault guard
  2291 | D        | Killed a hell hog
  2291 | D        | Killed a hell hog
  2304 | D        | Killed Donald
  2305 | D        | Killed a vault guard
  2305 | D        | Mangled by a nagaraja

Illustrated notes

Levels and vault maps discovered:
D:        pitsprint [storerooms_1, entrance_room_1, metal_vault_8, armoury_3,
          mini_pit_1, grid_room_1, main_hall_1, silver_pit, the_coven_3,
          the_vestibule_1, steel_vault_3, golden_pit, hallway_of_sentries,
          crystal_vault_1, iron_vault_3, final_vault]

Skill      XL: |  1  2  3  4  5  6  7  8  9 10 11 12 |
---------------+-------------------------------------+-----
Fighting       | 6 8 9 10 11 12 14 15 16 | 16.8
Axes           | 4 5 6 8 11 12 15 17 18 | 18.5
Armour         | 6 8 9 10 11 12 13 15 16 | 16.2
Shields        | 6 8 9 10 12 13 14 17 19 20 | 20.6
Dodging        | 2 3 4 5 |  5.6
Stealth        | 1 |  1.4
Invocations    | 4 7 |  7.0

Action                   |  1- 3 |  4- 6 |  7- 9 | 10-12 || total
-------------------------+-------+-------+-------+-------++-------
Melee: War axe           |     3 |       |    37 |   191 ||   231
       Hand axe          |       |    40 |    30 |       ||    70
       Headbutt          |       |     8 |    13 |    36 ||    57
Invok: Disaster Area     |       |       |       |     1 ||     1
  Use: Potion            |       |       |       |     5 ||     5
Armor: Scale mail        |       |    15 |     4 |       ||    19
       Plate armour      |       |       |    11 |    55 ||    66
Dodge: Dodged            |       |     6 |    20 |    38 ||    64
       Repelled          |       |       |       |     1 ||     1
Block: Kite shield       |       |    23 |    77 |   177 ||   277

Table legend: (Time is in decaauts)
 A = Elapsed time spent in this place.
 B = Non-inter-level travel time spent in this place.
 C = Inter-level travel time spent in this place.
 D = Time resting spent in this place.
 E = Time spent auto-exploring this place.
 F = Levels seen in this place.
 G = Mean time per level.
                   A        B        C        D        E       F      G
               +--------+--------+--------+--------+--------+-----+--------+
         Total |   2283 |   2283 |      0 |   1291 |     83 |   1 | 2283.0 |
       Dungeon |   2283 |   2283 |      0 |   1291 |     83 |   1 | 2283.0 |
               +--------+--------+--------+--------+--------+-----+--------+

Top non-repeatable levels by time:
       D: 2283 daAuts
